Map: Pylon LE

Players

RaThak - Winner!

  • Race: Protoss Protoss
  • League: Diamond
  • Spawn Location: 11:00

ManlyManMeat

  • Race: Zerg Zerg
  • League: Diamond
  • Spawn Location: 5:00

VOD

Have the link to the VOD?

Description

Time

  • Played on: July 5, 2025, 10:28 a.m.
  • Length: 7:18
Show
View Real Time Build Order
Export as new Build Order

RaThak Protoss - Winner!

Build Orders: 1 Gate Expand 

Get SALT Encoding   

  12  0:00  Probe  
  13  0:12  Probe  
  14  0:24  Pylon, Probe  
  15  0:42  Probe  
  16  0:43  Gateway  
  16  0:53  Assimilator  
  16  0:54  Probe  
  17  1:06  Probe  
  18  1:19  Probe  
  18  1:24  Nexus  
  19  1:33  Cybernetics Core  
  19  1:36  Probe  
  20  1:43  Pylon  
  20  1:47  Probe  
  20  1:48  Assimilator  
  21  1:56  Probe  
  22  2:02  Adept  
  22  2:04  Probe  
  25  2:22  Twilight Council  
  25  2:23  Probe  
  26  2:35  Probe  
  28  2:39  Gateway  
  28  2:40  Stalker  
  28  2:41  Shield Battery  
  28  2:42  Charge  
  28  2:44  Warp Gate  
  28  2:47  Probe  
  28  2:48  Probe  
  31  3:05  Probe  
  32  3:06  Probe  
  33  3:19  Robotics Facility  
  33  3:23  Pylon, Probe  
  34  3:27  Probe  
  34  3:33  Forge  
  35  3:42  Probe x2  
  37  3:50  Gateway  
  37  3:53  Gateway  
  37  3:56  Gateway  
  37  4:06  Warp Prism  
  37  4:08  Protoss Ground Weapons Level 1  
  39  4:14  Gateway  
  39  4:19  Gateway  
  39  4:23  Gateway  
  39  4:32  Zealot  
  39  4:33  Zealot  
  43  4:45  Zealot  
  45  4:48  Zealot  
  47  4:58  Zealot x3  
  53  5:16  Pylon  
  53  5:18  Pylon  
  53  5:20  Pylon  
  47  5:28  Zealot x3  
  51  5:38  Zealot x5  
  59  5:51  Zealot x3  
  37  6:18  Zealot x4  
  37  6:19  Zealot x4  
  49  6:43  Zealot x7  
  49  6:44  Zealot  
  55  7:04  Zealot x8  
Show
View Real Time Build Order
Export as new Build Order

ManlyManMeat Zerg 

Build Orders: Hatch First 

Get SALT Encoding   

  12  0:00  Drone  
  13  0:08  Drone  
  14  0:15  Drone, Extractor  
  15  0:21  Overlord  
  15  0:40  Drone  
  16  0:47  Hatchery  
  15  0:51  Drone  
  15  0:54  Drone  
  17  0:58  Drone  
  18  1:08  Extractor  
  17  1:14  Spawning Pool  
  17  1:17  Drone  
  17  1:21  Drone  
  18  1:26  Drone  
  19  1:36  Drone  
  20  2:03  Queen x2  
  20  2:04  Zergling x4  
  20  2:07  Overlord  
  26  2:13  Drone x2  
  28  2:30  Hatchery  
  28  2:34  Drone  
  28  2:35  Drone  
  29  2:38  Drone  
  30  2:49  Queen  
  32  2:56  Overlord  
  32  3:00  Drone x2  
  32  3:01  Drone  
  32  3:04  Metabolic Boost  
  35  3:15  Drone x4  
  35  3:17  Drone  
  40  3:30  Drone  
  40  3:31  Drone x2  
  40  3:32  Overlord  
  40  3:33  Overlord  
  43  3:38  Baneling Nest  
  43  3:40  Extractor  
  41  3:41  Evolution Chamber  
  41  3:43  Drone x2  
  42  3:51  Queen  
  44  4:00  Drone x3  
  47  4:06  Zerg Melee Weapons Level 1  
  47  4:14  Spore Crawler  
  47  4:15  Spore Crawler  
  47  4:16  Spore Crawler  
  44  4:22  Drone x2  
  44  4:23  Drone x2  
  48  4:24  Lair  
  48  4:48  Drone  
  48  4:49  Drone x9  
  58  5:07  Zergling x2  
  57  5:15  Zergling x2  
  57  5:20  Zergling x8, Overlord  
  57  5:21  Overlord x3  
  57  5:24  Zergling x4  
  57  5:27  Queen  
  58  5:29  Queen  
  54  5:36  Zergling x8  
  54  5:40  Zergling x2, Centrifugal Hooks  
  54  5:41  Zergling x8  
  61  5:48  Baneling x4  
  56  5:50  Zergling x4  
  56  5:52  Zergling x2  
  56  5:53  Zergling x2  
  60  6:00  Baneling x8  
  60  6:01  Baneling  
  55  6:15  Zergling x10  
  51  6:26  Zergling x2  
  51  6:29  Zergling x2  
  43  6:39  Drone x2  
  39  6:41  Queen  
  41  6:47  Zergling x2  
  41  6:54  Zergling x8  
Tags
 
Add a new tag
Caveats
  • Supply blocks, unpowered buildings, or Contaminate may cause inaccurate times.
  • Supply counts are checked every 10 seconds.